 Dungeon Crawl Stone Soup version 0.31.0-11-ge490571c62 (webtiles) character file.

Game seed: 3784164453977419446

48801 Konrad the Swashbuckler (level 14, 0/127 HPs)
             Began as a Minotaur Hunter on Jan 30, 2024.
             Was an Initiate of Gozag.
             Slain by a +7 battleaxe of pain (20 damage)
             ... on level 1 of the Elven Halls.
             The game lasted 01:10:24 (23764 turns).

Konrad the Swashbuckler (Minotaur Hunter)          Turns: 23764, Time: 01:10:25

Health: 0/127      AC: 25    Str: 23    XL:     14   Next: 13%
Magic:  13/13      EV: 16    Int:  3    God:    Gozag
Gold:   1665       SH: 10    Dex: 18    Spells: 13/13 levels left

rFire   + . .        y - +7 rapier of the Brain {flame, Str+6 Int+2}
rCold   . . .        O - +0 kite shield
rNeg    + + .        V - +2 plate armour {rF+}
rPois   .            f - +2 hat
rElec   +            T - +0 cloak "Figruvoi" {rElec rN++ Int-5}
rCorr   .            (no gloves)
SInv    .            n - +2 pair of boots
Will    ++...        (no amulet) Stlth
                     m - ring of willpower
HPRegen 0.41/turn    r - +5 ring of evasion
MPRegen 0.13/turn

%: no passive effects
@: about to teleport
A: horns 2, retaliatory headbutt
a: Renounce Religion, Potion Petition, Call Merchant, Bribe Branch


You were on level 1 of the Elven Halls.
You worshipped Gozag.
Gozag was most pleased with you.
You visited 4 branches of the dungeon, and saw 18 of its levels.

You collected 4664 gold pieces.
You spent 1644 gold pieces at shops.
You paid 1355 gold pieces to Gozag.

Inventory:

Hand Weapons
 a - a +1 shortbow
 g - a +2 hand cannon of electrocution
 k - a +2 arbalest of draining
 y - the +7 rapier of the Brain (weapon) {flame, Str+6 Int+2}
   (You took it off a gnoll on level 3 of the Dungeon)

   Str+6:     It affects your strength (+6).
   Int+2:     It affects your intelligence (+2).
 Q - a +7 dire flail of protection
Missiles
 t - a throwing net
 E - a silver javelin (quivered)
Armour
 f - a +2 hat (worn)
 j - a +2 plate armour of cold resistance
 n - a +2 pair of boots (worn)
 x - a +1 cloak
 O - a +0 kite shield (worn)
 T - the +0 cloak "Figruvoi" (worn) {rElec rN++ Int-5}
   (You found it on level 2 of the Orcish Mines)

   Int-5:     It affects your intelligence (-5).
   rElec:     It insulates you from electricity.
   rN++:      It greatly protects you from negative energy.
 U - a +3 plate armour
 V - a +2 plate armour of fire resistance (worn)
Jewellery
 c - a ring of see invisible
 l - a ring of resist corrosion
 m - a ring of willpower (left hand)
 r - a +5 ring of evasion (right hand)
 u - a ring of resist corrosion
 H - a ring of magical power
 L - a ring of ice
Wands
 s - a wand of roots (19)
 B - a wand of flame (22)
 G - a wand of digging (8)
 J - a wand of charming (9)
 S - a wand of mindburst (7)
Scrolls
 b - a scroll of butterflies
 e - 4 scrolls of teleportation
 h - 2 scrolls of immolation
 o - 3 scrolls of vulnerability
 p - a scroll of noise
 v - 3 scrolls of fog
 F - a scroll of poison
 M - 3 scrolls of revelation
 N - a scroll of blinking
Potions
 d - 2 potions of haste
 i - a potion of ambrosia {unknown}
 q - 4 potions of invisibility
 w - 2 potions of berserk rage {unknown}
 z - 2 potions of resistance {unknown}
 A - 3 potions of mutation {unknown}
 C - 3 potions of might
 D - 5 potions of attraction {unknown}
 I - 3 potions of brilliance {unknown}
 K - a potion of heal wounds {unknown}
 P - a potion of enlightenment {unknown}
 R - a potion of lignification {unknown}


   Skills:
 * Level 12.4 Fighting
 * Level 15.2 Short Blades
 - Level 3.3 Maces & Flails
 * Level 11.0 Ranged Weapons
 + Level 1.3 Throwing
 * Level 13.5 Armour
 * Level 9.7 Dodging
 + Level 2.1 Stealth
 + Level 6.0 Shields
 + Level 0.5 Evocations


You had 13 spell levels left.
You didn't know any spells.
Your spell library contained the following spells:

 Spells                   Type           Power      Damage    Failure   Level
 Summon Small Mammal      Summ           0%         N/A       100%        1
 Ensorcelled Hibernation  Hex/Ice        0%         N/A       100%        2
 Call Canine Familiar     Summ           0%         N/A       100%        3
 Dazzling Flash           Conj/Hex       0%         N/A       100%        3
 Fugue of the Fallen      Necr           0%         N/A       100%        3
 Sigil of Binding         Hex            0%         N/A       100%        3
 Volatile Blastmotes      Fire/Tloc      0%         2d10      100%        3
 Anguish                  Hex/Necr       0%         N/A       100%        4
 Brom's Barrelling Bould  Conj/Erth      0%         2d3       100%        4
 Dimensional Bullseye     Hex/Tloc       0%         N/A       100%        4
 Summon Blazeheart Golem  Fire/Summ      0%         N/A       100%        4
 Fireball                 Conj/Fire      0%         3d3       100%        5
 Iskenderun's Battlesphe  Conj           0%         2d6       100%        5
 Conjure Ball Lightning   Conj/Air       0%         3x3d6     100%        6
 Starburst                Conj/Fire      0%         6d3       100%        6
 Orb of Destruction       Conj           0%         9d5       100%        7
 Discord                  Hex            0%         N/A       100%        8
 Disjunction              Tloc           0%         N/A       100%        8
 Maxwell's Capacitive Co  Air            0%         ∞         100%        8


Dungeon Overview and Level Annotations

Branches:
Dungeon (14/15)            Temple (1/1) D:4            Lair (0/5) D:11
    Orc (2/2) D:10            Elf (1/3) Orc:2
 Vaults: D:13-14

Altars:
Ashenzari
Cheibriados
Dithmenos
Elyvilon
Fedhas
Gozag
Hepliaklqana
Kikubaaqudgha
Makhleb
Nemelex Xobeh
Okawaru
Qazlal
Ru
Sif Muna
Trog
Uskayaw
Vehumet
Wu Jian
Xom
Yredelemnul
Zin
The Shining One

Shops:
D:4 *   D:13 [   Orc:2 [:(!

Annotations:
D:13 3 runed translucent doors, exclusion: obsidian statue, kSektR's ghost, journeyman MiFi
D:14 Nessos
Elf:1 2 runed translucent doors


Innate Abilities, Weirdness & Mutations

You have a pair of horns on your head.
You reflexively headbutt those who attack you in melee.


Message History

[c] - 420 gold - haste and brilliance Purchase which effect?
You feel better. Magic courses through your body.
The +7 battleaxe of pain hits you!!
* * * LOW HITPOINT WARNING * * *
The lost soul is engulfed in blazing flames.
The ghostly deep elf archer is engulfed in blazing flames.
The lost soul is engulfed in blazing flames.
The +7 battleaxe of pain hits you but does no damage.
You barely miss the +7 battleaxe of pain.
The +7 battleaxe of pain is almost destroyed.
The deep elf elementalist gestures next to you while chanting.
The wall shatters!
The blast of rock fragments hits you.
* * * LOW HITPOINT WARNING * * *
The lost soul is engulfed in blazing flames. x2
Unknown command.
As you read the scroll of teleportation, it crumbles to dust.
You feel strangely unstable.
The ghostly deep elf archer is engulfed in blazing flames.
The +7 battleaxe of pain hits you!
* * * LOW HITPOINT WARNING * * *
The lost soul is engulfed in blazing flames.
The deep elf death mage gestures at you while chanting.
The bolt of negative energy hits the fire elemental.
The fire elemental completely resists.
The bolt of negative energy hits the +7 battleaxe of pain.
The +7 battleaxe of pain completely resists.
The bolt of negative energy misses you.
The deep elf elementalist gestures wildly while chanting.
The deep elf elementalist seems to speed up.
The +7 battleaxe of pain attacks as it pursues you!
The +7 battleaxe of pain closely misses you.
You furiously retaliate!
You headbutt the +7 battleaxe of pain, but do no damage.
The deep elf elementalist gestures next to you while chanting.
The wall shatters!
The blast of rock fragments hits you but does no damage.
The +7 battleaxe of pain hits you!!
You die...
Your body crumbles into a pile of gold.

..# #.....#
#$#..(.... #
#$*°..... #.
#*ee.☼... #.#
##eE...... #.#
##.#.○..... #.#
##E###.....#
#.###)## #...##
#.@(##########
##)###.......#
#....#....)..#
#..###.⌠.<.⌠.#
#..# #.......#
#..###.......# #.
#....#.#####.#...
#.####.......#..#
#.##.#.......#..#


You could see a deep elf death mage, a deep elf elementalist (fast, repels
missiles), a deep elf pyromancer, 2 fire elementals and a +7 battleaxe of pain.

Vanquished Creatures
  A deep elf death mage (Elf:1)
  A centaur warrior (D:13)
  A boulder beetle (D:13)
  6 two-headed ogres
  2 dancing weapons (Elf:1)
  The ghost of pussy the Severer, a novice MiFi of Okawaru (D:9)
  A death knight (D:14)
  2 tengu warriors (D:14)
  A death yak (D:12)
  3 orc high priests (Orc:2)
  4 skeletal warriors
  The ghost of dvdksn the Carver, a novice MfGl (D:6)
  2 deep elf archers (Elf:1)
  6 deep elf pyromancers
  Pikel (D:6)
  7 orc knights
  4 deep elf zephyrmancers (Elf:1)
  An ugly thing (D:13)
  4 orc sorcerers
  2 cyclopes
  4 manticores
  The ghost of michi1438 the Digger, a novice GrEE of Gozag (D:6)
  9 kobold blastminers
  3 orange demons (Orc:2)
  7 gargoyles
  7 trolls
  Grinder (D:5)
  A hornet (D:7)
  Prince Ribbit (D:9)
  2 shadows
  A centaur simulacrum (D:13)
  3 vampires
  A spriggan (shapeshifter) (D:13)
  Sigmund (D:4)
  2 water elementals
  A slime creature (D:14)
  A basilisk (D:11)
  A wyvern (D:11)
  15 yaks
  4 vampire mosquitoes (D:13)
  2 wargs
  2 steam dragons
  Edmund (D:5)
  3 two-headed ogre zombies (D:10)
  2 acid dragons
  A water moccasin (D:8)
  Duvessa (D:4)
  4 ice beasts
  15 orc warriors
  8 ogres
  A black bear (D:11)
  A lemure (D:6)
  6 phantoms
  10 centaurs
  2 kobold brigands
  A bullfrog (D:6)
  3 gnoll sergeants
  14 wights
  6 scorpions
  Dowan (D:4)
  14 killer bees
  2 troll zombies (D:10)
  8 howler monkeys
  3 electric eels
  2 bombardier beetles (D:3)
  5 hounds
  18 orc priests
  A jelly (D:6)
  Crazy Yiuf (D:5)
  Jessica (D:3)
  4 iguanas (D:5)
  17 orc wizards
  3 ogre zombies (D:10)
  8 adders
  23 gnolls
  A shadow imp (D:5)
  A white imp (D:5)
  2 ufetubi (D:5)
  4 ribbon worms
  4 dart slugs
  78 orcs
  3 bats
  12 endoplasms
  5 giant cockroaches
  7 goblins
  9 hobgoblins
  4 jackals (D:2)
  12 kobolds
  2 quokkas
  3 ball pythons
  4 frilled lizards
  A gnoll skeleton (D:10)
  3 gnoll zombies (D:10)
  5 orc skeletons (D:10)
  16 orc zombies (D:10)
  6 rats
493 creatures vanquished.

Vanquished Creatures (others)
  An air elemental (Elf:1)
  A quokka (D:4)
  A kobold (D:4)
3 creatures vanquished.

Grand Total: 496 creatures vanquished

Notes
Turn   | Place    | Note
-------+----------+-------------------------------------------
     0 | D:1      | Konrad the Minotaur Hunter began the quest for the Orb.
     0 | D:1      | Reached XP level 1. HP: 18/18 MP: 0/0
   125 | D:1      | Reached XP level 2. HP: 25/25 MP: 1/1
   152 | D:1      | Reached skill level 5 in Ranged Weapons
   442 | D:1      | Reached XP level 3. HP: 30/30 MP: 2/2
   926 | D:2      | Reached XP level 4. HP: 38/38 MP: 3/3
  1607 | D:2      | Found a faded altar of an unknown god.
  1924 | D:2      | Reached skill level 1 in Armour
  1924 | D:2      | Reached XP level 5. HP: 22/45 MP: 4/4
  2091 | D:3      | Noticed Jessica
  2098 | D:3      | Killed Jessica
  2099 | D:3      | Reached skill level 1 in Maces & Flails
  2099 | D:3      | Reached skill level 1 in Stealth
  2179 | D:3      | Found a faded altar of an unknown god.
  2183 | D:3      | Found a basalt altar of Yredelemnul.
  2276 | D:3      | Reached XP level 6. HP: 42/52 MP: 5/5
  2523 | D:3      | Found a blossoming altar of Fedhas.
  2526 | D:3      | Found a shimmering altar of Xom.
  2529 | D:3      | Found an ancient bone altar of Kikubaaqudgha.
  2622 | D:3      | Identified the +7 rapier of the Brain {flame, Str+6 Int+2}
  2946 | D:4      | Found a staircase to the Ecumenical Temple.
  2968 | Temple   | Entered the Ecumenical Temple
  3144 | Temple   | Became a worshipper of Gozag Ym Sagoz the Greedy
  3260 | D:4      | Found a white marble altar of Elyvilon.
  3431 | D:4      | Found Luabol's General Store.
  3471 | D:4      | Noticed Duvessa
  3474 | D:4      | Noticed Dowan
  3478 | D:4      | Killed Duvessa
  3479 | D:4      | Reached skill level 1 in Short Blades
  3479 | D:4      | Reached XP level 7. HP: 53/60 MP: 6/6
  3486 | D:4      | Killed Dowan
  3487 | D:4      | Reached skill level 2 in Short Blades
  3606 | D:4      | Noticed Sigmund
  3608 | D:4      | Found a faded altar of an unknown god.
  3608 | D:4      | Found a hazy altar of Hepliaklqana.
  3636 | D:4      | Killed Sigmund
  3637 | D:4      | Reached skill level 5 in Fighting
  3637 | D:4      | Reached skill level 3 in Short Blades
  3706 | D:4      | Found a sparkling altar of Nemelex Xobeh.
  3894 | D:4      | Bought 3 scrolls of identify for 84 gold pieces
  3933 | D:5      | Entered Level 5 of the Dungeon
  3939 | D:5      | Noticed Edmund
  4162 | D:5      | Killed Edmund
  4163 | D:5      | Reached skill level 4 in Short Blades
  4163 | D:5      | Reached XP level 8. HP: 62/68 MP: 7/7
  4315 | D:5      | Noticed Grinder
  4356 | D:5      | Reached skill level 5 in Short Blades
  4359 | D:5      | Killed Grinder
  4360 | D:5      | Reached skill level 5 in Armour
  4425 | D:5      | Found a runed translucent door.
  4426 | D:5      | Noticed Crazy Yiuf
  4606 | D:5      | Reached skill level 6 in Short Blades
  5054 | D:5      | Killed Crazy Yiuf
  5055 | D:5      | Reached skill level 7 in Short Blades
  5149 | D:6      | Reached XP level 9. HP: 75/75 MP: 8/8
  5183 | D:6      | Found a runed translucent gate.
  5183 | D:6      | Found a runed translucent gate.
  5183 | D:6      | Found a runed translucent gate.
  5183 | D:6      | Noticed michi1438's ghost (novice GrEE)
  5185 | D:6      | Noticed dvdksn's ghost (novice MfGl)
  5479 | D:6      | Reached skill level 8 in Short Blades
  5519 | D:6      | Noticed Pikel
  5537 | D:6      | Killed Pikel
  5538 | D:6      | Reached skill level 5 in Dodging
  5698 | D:6      | Reached skill level 9 in Short Blades
  6195 | D:6      | Killed dvdksn's ghost
  6196 | D:6      | Reached XP level 10. HP: 55/86 MP: 9/9
  6199 | D:6      | Killed michi1438's ghost
  6200 | D:6      | Reached skill level 10 in Short Blades
  6514 | D:7      | Found a bloodstained altar of Trog.
  6605 | D:7      | Noticed a two-headed ogre
  6614 | D:7      | Killed a two-headed ogre
  6615 | D:7      | Reached skill level 11 in Short Blades
  6728 | D:7      | Noticed a manticore
  6738 | D:7      | Killed a manticore
  7396 | D:8      | Reached skill level 12 in Short Blades
  7476 | D:8      | Reached XP level 11. HP: 84/95 MP: 10/10
  7938 | D:8      | Found an ornate altar of the Wu Jian Council.
  8166 | D:9      | Found a runed translucent door.
  8166 | D:9      | Noticed pussy's ghost (novice MiFi)
  8277 | D:9      | Noticed a two-headed ogre
  8282 | D:9      | Killed a two-headed ogre
  8283 | D:9      | Reached skill level 13 in Short Blades
  8316 | D:9      | Identified the +1 leather armour "Niycheel" {Int+3}
  8390 | D:9      | Noticed Prince Ribbit
  8398 | D:9      | Killed Prince Ribbit
  8775 | D:9      | Killed pussy's ghost
  8858 | D:10     | Entered Level 10 of the Dungeon
  9365 | D:10     | Reached skill level 1 in Shields
  9434 | D:10     | Found a staircase to the Orcish Mines.
  9942 | D:11     | You fall into a shaft and drop 1 floor!
 10010 | D:11     | Found a staircase to the Lair.
 10127 | D:11     | Noticed a death yak
 10154 | D:12     | Killed a death yak
 10306 | D:11     | Noticed a two-headed ogre
 10317 | D:11     | Killed a two-headed ogre
 10318 | D:11     | Reached skill level 10 in Armour
 10623 | D:11     | Reached skill level 14 in Short Blades
 10623 | D:11     | Reached XP level 12. HP: 106/106 MP: 11/11
 11658 | D:12     | Reached skill level 10 in Fighting
 12206 | D:13     | Noticed a centaur warrior
 12218 | D:13     | Killed a centaur warrior
 12769 | D:13     | Found a runed translucent gate.
 12774 | D:13     | Found a runed translucent gate.
 12774 | D:13     | Found an opulent altar of Gozag.
 12775 | D:13     | Found a runed translucent gate.
 12776 | D:13     | Noticed kSektR's ghost (journeyman MiFi)
 12776 | D:13     | Noticed a boulder beetle
 12776 | D:13     | Noticed an ettin
 12778 | D:13     | Noticed a boulder beetle
 12779 | D:13     | Noticed an ice dragon
 12780 | D:13     | an ice dragon changed into a spark wasp
 12780 | D:13     | Noticed a spark wasp (glowing shapeshifter)
 12782 | D:13     | a spark wasp changed into a skyshark
 13027 | D:13     | Bought a runed plate armour for 520 gold pieces
 13027 | D:13     | Bought a glowing plate armour for 520 gold pieces
 13027 | D:13     | Bought a runed plate armour for 520 gold pieces
 13657 | D:13     | Killed a boulder beetle
 13767 | D:13     | Noticed a two-headed ogre
 13775 | D:13     | Killed a two-headed ogre
 14355 | D:13     | HP: 5/108 [arcanist/lance of force (7)]
 14743 | D:14     | Noticed a two-headed ogre
 14752 | D:14     | Killed a two-headed ogre
 14888 | D:14     | Noticed a tengu warrior
 14888 | D:14     | Noticed a tengu warrior
 14903 | D:14     | Killed a tengu warrior
 14915 | D:14     | Killed a tengu warrior
 14916 | D:14     | Reached skill level 1 in Throwing
 15151 | D:14     | Noticed a death knight
 15174 | D:14     | Killed a death knight
 15175 | D:14     | Reached skill level 5 in Shields
 15175 | D:14     | Reached XP level 13. HP: 17/116 MP: 12/12
 15720 | D:14     | Noticed Nessos
 17232 | Orc:1    | Entered Level 1 of the Orcish Mines
 18184 | Orc:2    | Entered Level 2 of the Orcish Mines
 18184 | Orc:2    | Found a staircase to the Elven Halls.
 18938 | Orc:2    | Found a shimmering altar of Xom.
 19246 | Orc:2    | Identified the +0 cloak "Figruvoi" {rElec rN++ Int-5}
 19936 | Orc:2    | Paralysed by an orc sorcerer for 5 turns
 20460 | Orc:2    | Reached skill level 15 in Short Blades
 21738 | Orc:2    | Reached skill level 10 in Ranged Weapons
 21832 | Orc:2    | Found Sinkaes's Distillery.
 21832 | Orc:2    | Found Veblugg's Armour Emporium.
 21838 | Orc:2    | Found Liaz Ets's Book Emporium.
 21838 | Orc:2    | Found Qygygus's Antique Weapon Shop.
 21940 | Orc:1    | Found a bloodstained altar of Trog.
 22285 | Elf:1    | Entered Level 1 of the Elven Halls
 22836 | Elf:1    | Found an ancient bone altar of Kikubaaqudgha.
 23155 | Elf:1    | Found a huge runed translucent gate.
 23182 | Elf:1    | Reached XP level 14. HP: 104/126 MP: 13/13
 23478 | Elf:1    | Found a huge runed translucent gate.
 23581 | Elf:1    | Paralysed by an air elemental for 1 turns
 23755 | Elf:1    | Noticed a deep elf elementalist
 23764 | Elf:1    | Slain by a +7 battleaxe of pain

Illustrated notes

Levels and vault maps discovered:
D:1:      ncdulo_halloftheorcs, layout_loops_ring, st_stairs_12
D:2:      layout_basic, dilly_ecumenical_altar_fadedgnrine
D:3:      minmay_bubble_buster, layout_basic, nicolae_overflow_ecumenical_swirl,
          minitemple, uniq_jessica
D:4:      layout_basic, nemelex_dance_club_becter, elyvilon_altar_4,
          beargit_hepliaklqana_dungeon_heroes, minmay_temple_entry_waves,
          serial_shops, nicolae_shop_peninsula, uniq_duvessa
D:5:      nicolae_cairo_tiling_very_big, layout_loops_cross,
          minmay_starry_boxes, uniq_grinder, uniq_crazy_yiuf_cottage,
          uniq_edmund
D:6:      layout_cave_pods, gammafunk_ghost_cemetery, uniq_pikel
D:7:      layout_gridville, lemuel_crystal_altar,
          hangedman_abyss_or_decor_stabs, chequers_serial_rivers_large_a,
          minmay_shattered_shrine
D:8:      layout_basic, pdpol_wu_jian_five_deadly_venoms
D:9:      layout_loops_ring, hellmonk_ghost_happy_afterlife, uniq_prince_ribbit1
D:10:     layout_roguey, zombieorc2_lemuel, bh_walls_and_bars
D:11:     layout_basic, david_lair_generic
D:12:     layout_long_grid
D:13:     layout_gridville, grunt_vaults_entry_fortified, ebering_ghost_gozag
D:14:     layout_basic, kennysheep_cross_landing, uniq_nessos
Temple:   oiseaux_autumnal_temple
Orc:1:    layout_caves, basic_altar
Orc:2:    grunt_orc_tribal_feast, layout_diamond_mine, basic_altar,
          einodemon_barbed_minivault
Elf:1:    nicolae_elf_arrival_fired_up, layout_loops_corners, basic_altar,
          nicolae_elf_shapeshifter_party,
          nicolae_elf_double_double_double_trouble

Skill      XL: |  1  2  3  4  5  6  7  8  9 10 11 12 13 14 |
---------------+-------------------------------------------+-----
Ranged Weapons | 5 6 8 10 11 | 11.0
Fighting       | 3 4 5 6 7 8 9 11 12 | 12.4
Armour         | 1 2 3 4 5 7 8 10 12 13 | 13.5
Maces & Flails | 2 3 |  3.3
Stealth        | 1 2 |  2.1
Short Blades   | 1 4 7 9 12 14 15 | 15.2
Dodging        | 3 4 5 6 7 8 9 |  9.7
Shields        | 3 5 6 |  6.0
Throwing       | 1 |  1.3
Evocations     | |  0.5

Action                     |  1- 3 |  4- 6 |  7- 9 | 10-12 | 13-15 || total
---------------------------+-------+-------+-------+-------+-------++-------
  Melee: Flail             |       |    85 |       |       |       ||    85
         Headbutt          |       |    19 |    33 |   238 |    51 ||   341
         Punch             |       |     2 |     1 |     7 |       ||    10
         Rapier            |       |    34 |   246 |   776 |    98 ||  1154
         Dire flail        |       |       |       |       |    99 ||    99
         Hand cannon       |       |       |       |       |     1 ||     1
   Fire: Shortbow          |    88 |    53 |     1 |    13 |       ||   155
         Hand cannon       |       |       |       |       |   312 ||   312
  Throw: Dart              |       |       |       |    12 |     8 ||    20
         Throwing net      |       |       |       |       |     1 ||     1
         Javelin           |       |       |       |       |     4 ||     4
 Invoke: Potion Petition   |       |       |       |     1 |     3 ||     4
         Call Merchant     |       |       |       |     1 |       ||     1
  Evoke: Wand              |       |       |     1 |       |     7 ||     8
    Use: Scroll            |       |       |     9 |    13 |    15 ||    37
         Potion            |       |       |     2 |     3 |     2 ||     7
   Stab: Distracted        |       |     1 |       |     2 |       ||     3
 Armour: Leather armour    |    25 |       |       |       |       ||    25
         Chain mail        |       |   123 |    20 |       |       ||   143
         Scale mail        |       |       |    71 |   136 |       ||   207
         Plate armour      |       |       |       |   165 |   448 ||   613
  Dodge: Dodged            |    15 |    81 |   129 |   385 |   323 ||   933
  Block: Kite shield       |       |       |       |   179 |   211 ||   390
